 Dungeon Crawl Stone Soup version 0.18.1-1-g2f07953 (webtiles) character file.

12579 Eucla the Impaler (level 11, -1/95 HPs)
             Began as a Merfolk Berserker on May 7, 2016.
             Was a High Priest of Trog.
             Slain by a purple ugly thing (12 damage)
             ... on level 11 of the Dungeon.
             The game lasted 00:13:20 (9511 turns).

Eucla the Impaler (Merfolk Berserker)               Turns: 9511, Time: 00:13:21

Health: -1/95      AC: 14    Str: 21    XL:     11   Next: 95%
Magic:  11/11      EV: 11    Int:  7    God:    Trog [*****.]
Gold:   590        SH:  6    Dex: 16    Spells: 0 memorised, 10 levels left

rFire  . . .     SeeInvis .     T - +5 glaive (venom)
rCold  . . .     Gourm    .     B - +0 chain mail
rNeg   . . .     Faith    .     (shield currently unavailable)
rPois  .         Spirit   .     l - +0 helmet
rElec  .         Dismiss  .     N - +2 cloak {+Inv}
rCorr  +         Reflect  +     (no gloves)
SustAt .         Harm     .     F - +0 pair of boots of Yredelemnul's Scorn {rCorr Str+3}
MR     .....                    D - +6 amulet of reflection
Stlth  ..........               K - +1 ring of protection
                                j - +2 ring of evasion

@: not resistant to hostile enchantments, extremely unstealthy
A: change form in water, swift swim, sense surroundings 1, wild magic 1,
evolution 1
a: Berserk, Trog's Hand, Brothers in Arms, Burn Spellbooks, Renounce Religion,
Evoke Invisibility


You were on level 11 of the Dungeon.
You worshipped Trog.
Trog was extremely pleased with you.
You were hungry.

You visited 1 branch of the dungeon, and saw 11 of its levels.

You collected 590 gold pieces.

Inventory:

Hand Weapons
 a - a +0 spear
 v - a +0 halberd
 E - a +0 trident
 T - a +5 glaive of venom (weapon)
Armour
 b - a +0 animal skin
 l - a +0 helmet (worn)
 s - a +0 ring mail
 B - a +0 chain mail (worn)
 F - the +0 pair of boots of Yredelemnul's Scorn (worn) {rCorr Str+3}
   (You found it on level 4 of the Dungeon)

   It affects your strength (+3).
   It protects you from acid and corrosion.
 N - a +2 cloak of invisibility (worn)
 S - a +0 cloak
Jewellery
 j - a +2 ring of evasion (left hand)
 w - an uncursed ring of see invisible
 D - a +6 amulet of reflection (around neck)
 K - a +1 ring of protection (right hand)
Wands
 k - a wand of polymorph (13/24)
 A - a wand of flame (26/48)
 C - a wand of lightning (9/15)
 H - a wand of acid (3/15)
 I - a wand of iceblast (13/15)
 P - a wand of acid (4/15)
 U - a wand of flame (10/48)
Scrolls
 i - 6 scrolls of teleportation
 n - 2 scrolls of recharging
 q - 5 scrolls of identify
 r - a scroll of torment {unknown}
 x - 3 scrolls of fear
 y - a scroll of blinking
 z - 3 scrolls of remove curse
 M - 3 scrolls of immolation
 R - a scroll of enchant armour
Potions
 d - 4 potions of curing {unknown}
 e - 3 potions of flight
 f - a potion of mutation {unknown}
 g - 6 potions of lignification {unknown}
 h - 2 potions of degeneration
 m - 2 potions of heal wounds {unknown}
 o - a potion of might {unknown}
 p - 2 potions of agility {unknown}
 t - a potion of haste {unknown}
 u - 3 potions of cancellation
 J - a potion of invisibility {unknown}
 L - a potion of resistance
 O - a potion of ambrosia {unknown}
 Q - a potion of brilliance {unknown}
Comestibles
 c - 7 bread rations
 G - a meat ration


   Skills:
 + Level 12.1 Fighting
 * Level 19.9 Polearms
 - Level 1.3 Armour
 - Level 2.6 Dodging


You had 10 spell levels left.
You didn't know any spells.

Dungeon Overview and Level Annotations

Branches:
Dungeon (11/15)            Temple (0/1) D:7            Lair (0/8) D:11
    Orc: D:9-12

Altars:
Ashenzari
Cheibriados
Gozag
Kikubaaqudgha
Okawaru
Pakellas
Qazlal
Ru
Trog
Zin

Shops:
D:6 :}(?


Innate Abilities, Weirdness & Mutations

You revert to your normal form in water.
You are very nimble and swift while swimming.
You passively map a small area around you.
Your spells are a little harder to cast, but a little more powerful.
You evolve.


Message History

The hill giant hits you with a giant club!!
You slice the hill giant!!
The hill giant is severely wounded.
The purple ugly thing closely misses you.
The hill giant hits you with a giant club!!
* * * LOW HITPOINT WARNING * * *
You are too injured to fight recklessly!
Unknown command.
You are too injured to fight recklessly!
The orc priest invokes the aid of Beogh against you.
Beogh smites you!
* * * LOW HITPOINT WARNING * * *
Unknown command.
Unknown command.
The orc priest looks braver for a moment.
Unknown command.
Drink which item? (? for menu, Esc to quit)
It was a potion of cancellation.
You feel magically purged. The purple ugly thing punches you!
You die...

#...................8
≈≈≈
#...................≈8
≈≈≈≈≈
#...................
#...................≈
#..................[≈
#................... ,
#...................
#...............o#,
#..........@u...# ,+ *
#........###C..## ≈
##.......# #.l..# ≈≈≈
##......# #.....#,,
....
##.................
....
##.........)......
.... ##...............
.... ##..............
... ##.............,..
#


You could see a purple ugly thing, a hill giant, an iguana and an orc priest.

Vanquished Creatures
  Erolcha (D:8)
  Erica (D:8)
  4 hill giants
  Psyche (D:11)
  A komodo dragon (D:11)
  A troll (D:8)
  3 wyverns
  15 yaks
  A water moccasin (D:9)
  3 ice beasts
  3 orc warriors
  4 ogres
  A sky beast (D:9)
  3 black bears (D:9)
  A phantom (D:8)
  2 necrophages
  3 centaurs
  6 crocodiles (D:11)
  A big kobold (D:10)
  Blork the orc (D:6)
  7 giant frogs
  3 jellies
  16 killer bees (D:9)
  4 wights (D:7)
  5 howler monkeys
  A lava snake (D:7)
  3 crimson imps
  A wasp zombie (D:10)
  3 giant frog zombies
  5 hounds
  A quasit (D:8)
  2 orc priests
  3 gnoll shamans
  6 iguanas
  Natasha (thrice) (D:3)
  15 worker ants
  13 orc wizards
  A hound zombie (D:7)
  2 hound skeletons (D:9)
  10 gnolls
  9 adders
  A shadow imp (D:5)
  3 adder zombies
  3 adder skeletons (D:4)
  5 worms
  A dart slug (D:4)
  5 giant geckos
  18 orcs
  8 bats
  4 giant cockroaches
  7 goblins
  13 hobgoblins
  7 jackals (D:2)
  7 quokkas
  3 ball pythons
  A giant gecko zombie (D:5)
  2 giant newts
  15 kobolds
  A quokka skeleton (D:4)
  6 rats
279 creatures vanquished.

Vanquished Creatures (collateral kills)
  2 electric eels (D:11)
2 creatures vanquished.

Grand Total: 281 creatures vanquished

Notes
Turn   | Place    | Note
--------------------------------------------------------------
     0 | D:1      | Eucla the Merfolk Berserker began the quest for the Orb.
     0 | D:1      | Reached XP level 1. HP: 18/18 MP: 1/1
   544 | D:1      | Reached XP level 2. HP: 21/24 MP: 2/2
   572 | D:1      | Reached skill level 5 in Polearms
   885 | D:1      | Reached XP level 3. HP: 23/30 MP: 3/3
   910 | D:1      | Reached ** piety under Trog
  1146 | D:2      | Found a sacrificial altar of Ru.
  1154 | D:2      | Reached skill level 6 in Polearms
  1169 | D:2      | Reached XP level 4. HP: 31/37 MP: 4/4
  2213 | D:3      | Found a snail-covered altar of Cheibriados.
  2241 | D:3      | Reached skill level 7 in Polearms
  2297 | D:3      | Reached XP level 5. HP: 42/43 MP: 5/5
  2331 | D:3      | Noticed Natasha
  2338 | D:3      | Killed Natasha
  2338 | D:3      | Reached *** piety under Trog
  2405 | D:3      | Noticed Natasha
  2416 | D:3      | Killed Natasha
  2424 | D:3      | Noticed Natasha
  2445 | D:3      | Killed Natasha
  2768 | D:3      | Reached skill level 8 in Polearms
  2768 | D:3      | Reached XP level 6. HP: 50/50 MP: 6/6
  3082 | D:4      | Reached skill level 5 in Fighting
  3199 | D:4      | Reached skill level 9 in Polearms
  3563 | D:4      | Reached XP level 7. HP: 56/56 MP: 7/7
  3676 | D:4      | Reached skill level 10 in Polearms
  3797 | D:4      | Got a pair of fine boots
  3803 | D:4      | Identified the +0 pair of boots of Yredelemnul's Scorn {rCorr Str+3} (You found it on level 4 of the Dungeon)
  3818 | D:4      | Reached **** piety under Trog
  3911 | D:5      | Entered Level 5 of the Dungeon
  4209 | D:5      | Reached skill level 11 in Polearms
  4209 | D:5      | Reached XP level 8. HP: 34/65 MP: 8/8
  4285 | D:5      | Received a gift from Trog
  4389 | D:5      | Found an iron altar of Okawaru.
  4788 | D:6      | Reached skill level 12 in Polearms
  4821 | D:6      | Found Jobrilakh's Gadget Boutique.
  4911 | D:6      | Found Panta's Book Boutique.
  4945 | D:6      | Noticed Blork the orc
  4958 | D:6      | Killed Blork the orc
  5132 | D:6      | Reached skill level 13 in Polearms
  5224 | D:6      | Found Sinin's Magic Scroll Boutique.
  5450 | D:6      | Found Kochoba's Weapon Emporium.
  5633 | D:7      | Reached XP level 9. HP: 73/73 MP: 9/9
  5648 | D:7      | Found an ancient bone altar of Kikubaaqudgha.
  5648 | D:7      | Found a stormy altar of Qazlal.
  5648 | D:7      | Found a shattered altar of Ashenzari.
  5812 | D:7      | Reached skill level 14 in Polearms
  5873 | D:7      | Found a glowing silver altar of Zin.
  6129 | D:7      | Found a staircase to the Ecumenical Temple.
  6377 | D:8      | Noticed Erolcha
  6389 | D:8      | Killed Erolcha
  6389 | D:8      | Reached skill level 15 in Polearms
  6389 | D:8      | Reached XP level 10. HP: 27/83 MP: 10/10
  6730 | D:8      | Reached ***** piety under Trog
  6874 | D:8      | Reached skill level 16 in Polearms
  6956 | D:8      | Noticed Erica
  6966 | D:8      | Killed Erica
  6966 | D:8      | Reached skill level 10 in Fighting
  7454 | D:9      | Reached skill level 17 in Polearms
  7461 | D:9      | Received a gift from Trog
  7665 | D:9      | Found a bloodstained altar of Trog.
  7699 | D:9      | Reached XP level 11. HP: 70/92 MP: 11/11
  7790 | D:9      | Reached skill level 18 in Polearms
  7825 | D:9      | Gained mutation: Your spells are a little harder to cast, but a little more powerful. [mutagenic meat]
  7826 | D:9      | Gained mutation: You evolve. [mutagenic meat]
  7875 | D:9      | Identified a scroll of acquirement
  7934 | D:9      | Found an oddly glowing altar of Pakellas.
  7934 | D:9      | Found an opulent altar of Gozag.
  8232 | D:10     | Entered Level 10 of the Dungeon
  8258 | D:10     | Noticed a hill giant
  8265 | D:10     | Killed a hill giant
  8477 | D:10     | Noticed a hill giant
  8480 | D:10     | Killed a hill giant
  8923 | D:11     | Noticed a hill giant
  8930 | D:11     | Killed a hill giant
  8930 | D:11     | Reached skill level 19 in Polearms
  9256 | D:11     | Gained mutation: You passively map a small area around you. [evolution]
  9355 | D:11     | Found a staircase to the Lair.
  9479 | D:11     | Noticed a hill giant
  9480 | D:11     | Noticed Psyche
  9484 | D:11     | Killed a hill giant
  9487 | D:11     | Killed Psyche
  9501 | D:11     | Noticed a purple ugly thing
  9501 | D:11     | Noticed a hill giant
  9511 | D:11     | Slain by a purple ugly thing

Skill      XL: |  1  2  3  4  5  6  7  8  9 10 11 |
---------------+----------------------------------+-----
Polearms       | 5 6 7 8 9 11 13 15 17 19 | 19.9
Fighting       | 4 5 6 7 9 10 12 | 12.1
Armour         | |  1.3
Dodging        | |  2.6

Action                   |  1- 3 |  4- 6 |  7- 9 | 10-12 || total
-------------------------+-------+-------+-------+-------++-------
Melee: Spear             |   120 |   281 |    29 |       ||   430
       Trident           |       |       |    90 |       ||    90
       Halberd           |       |       |   223 |   104 ||   327
       Glaive            |       |       |       |   246 ||   246
Invok: Berserk           |     1 |     2 |     2 |     2 ||     7
       Trog's Hand       |       |     2 |     1 |     1 ||     4
       Brothers in Arms  |       |       |       |     1 ||     1
  Use: Scroll            |       |       |       |    15 ||    15
       Potion            |       |       |       |     1 ||     1
 Stab: Sleeping          |     1 |       |       |       ||     1
       Paralysed         |       |     2 |       |       ||     2
  Eat: Chunk             |     2 |     9 |     3 |     3 ||    17
       Beef jerky        |       |       |     2 |       ||     2
       Meat ration       |       |       |     1 |       ||     1
       Royal jelly       |       |       |     1 |       ||     1
       Pizza             |       |       |       |     4 ||     4
       Bread ration      |       |       |       |     1 ||     1
Armor: Animal skin       |     8 |    13 |       |       ||    21
       Ring mail         |       |    22 |       |       ||    22
       Chain mail        |       |    25 |    62 |    82 ||   169
Dodge: Dodged            |    39 |   136 |    70 |    94 ||   339
Block: Other             |       |     1 |    57 |    68 ||   126
       Reflection        |       |       |     4 |     1 ||     5
